AoeStats
← Oppy96

Nomad

505482687Analyzed
3v3 RM · 24d ago on Sep 9, 2026· 36m 27s· 6 players
Game mode
Random Map
Map size
210×210
Population
200
Speed
Normal
Resources
Standard
Victory
Conquest
Starting age
Dark Age
Ending age
Imperial Age
RankedLock teamsTeams togetherTeam positionsShared explorationLock speedFull tech treeHidden civsTurbo modeCheats
Victory
Defeat
🇦🇷 Hindustanis · Argentina
1432
+7
🇦🇷 Poles · Argentina
1289
+12
🇺🇾 Persians · Uruguay
1254
+14
🇪🇸 Teutons · Spain
1320
-15
🇨🇳 Vietnamese · China
1156
-9
🇦🇹 Malay · Austria
1145
-9
DGHIR | Miloss
5:07 Loom
14:32 Feudal Age
17:11 Wheelbarrow
16:22 Town Watch
17:12 Fletching
21:57 Double-Bit Axe
28:59 Castle Age
26:43 Horse Collar
27:58 Scale Barding Armor
28:03 Gold Mining
28:27 Bloodlines
30:27 Chain Barding Armor
30:19 Forging
31:02 Husbandry
DGHIR | Kiro
13:35 Feudal Age
15:54 Loom
18:51 Castle Age
19:28 Scale Barding Armor
19:27 Gold Mining
19:47 Double-Bit Axe
21:20 Horse Collar
24:12 Bloodlines
25:08 Husbandry
29:14 Wheelbarrow
29:11 Fishing Lines
29:36 Stone Mining
30:13 Forging
34:02 Heavy Plow
35:29 Chain Barding Armor
35:52 Hand Cart
36:35 Iron Casting
Cono | Gatti
12:55 Feudal Age
12:13 Loom
17:55 Castle Age
15:55 Double-Bit Axe
22:32 Bow Saw
23:54 Squires
32:45 Sanctity
36:56 Fletching
Oppy96
3:27 Loom
15:48 Feudal Age
16:30 Fishing Lines
20:05 Castle Age
19:26 Forging
19:54 Scale Mail Armor
21:40 Medium Warships
23:32 Man-at-Arms
23:58 Gambesons
24:13 Squires
23:59 Arson
23:46 Pikeman
24:26 Squires
newworldorder
9:25 Loom
16:01 Feudal Age
18:02 Double-Bit Axe
20:57 Castle Age
21:19 Bow Saw
23:00 Forging
22:58 Scale Barding Armor
25:01 Husbandry
29:29 Thalassocracy
29:26 Fishing Lines
30:31 Wheelbarrow
30:46 Fletching
big niao
14:14 Feudal Age
15:11 Double-Bit Axe
17:28 Fishing Lines
25:10 Castle Age
Connection lost

Rejoining the realm…

Still unreachable

The connection could not be restored.

Session expired

The server has moved on; the page needs a fresh start.